 Dungeon Crawl Stone Soup version 0.30-a0-591-g3c58d2b (webtiles) character file.

Game seed: 13176601586208621324

14779 bebis the Severer (level 12, -6/83 HPs)
             Began as a Formicid Fighter on Jan 2, 2023.
             Was an Elder of Zin.
             Mangled by an orc knight
             ... wielding a +0 halberd
              (26 damage)
             ... on level 1 of the Orcish Mines on Jan 4, 2023.
             The game lasted 01:19:52 (12895 turns).

bebis the Severer (Formicid Fighter)               Turns: 12895, Time: 01:19:53

Health: -6/83      AC: 10    Str: 25    XL:     12   Next: 49%
Magic:  19/19      EV:  9    Int:  9    God:    Zin [****..]
Gold:   637        SH: 18    Dex: 11    Spells: 11/11 levels left

rFire   + . .      SeeInvis +    b - +7 spear of the Mushroom {venom, rC++}
rCold   + + +      Faith    .    M - +4 kite shield "Vunik" {Harm rPois}
rNeg    + . .      Spirit   .    p - +6 leather armour of Guizya {Rampage Fly rC+++ Dex-2}
rPois   +          Reflect  +    (helmet unavailable)
rElec   .          Harm     +    i - scarf {repulsion}
rCorr   .          Rampage  +    S - +0 pair of gloves
Will    +....                    (no boots)
Stlth   +                        z - amulet of reflection
HPRegen 0.33/turn                q - ring of protection from fire
MPRegen 0.16/turn                r - ring of positive energy

@: on recite cooldown, flying, studying Hexes, repel missiles
A: permanent stasis, dig shafts and tunnels, antennae 3, four strong arms
a: Dig, Shaft Self, Renounce Religion, Recite, Vitalisation, Imprison, Donate
Gold


You were on level 1 of the Orcish Mines.
You worshipped Zin.
Zin was greatly pleased with you.
You visited 3 branches of the dungeon, and saw 13 of its levels.
You also visited: Ossuary.

You collected 707 gold pieces.
You donated 70 gold pieces to Zin.

Inventory:

Hand Weapons
 a - a +4 war axe
 b - the +7 spear of the Mushroom (weapon) {venom, rC++}
   (You found it on level 9 of the Dungeon)

   rC:        It greatly protects you from cold.
 B - a +0 battleaxe
 E - a +0 giant spiked club
 I - a +0 whip of electrocution
 L - a +4 trident of protection
Missiles
 d - 2 throwing nets
 e - 43 poisoned darts
 m - 6 javelins
 x - 2 atropa-tipped darts
 J - 9 curare-tipped darts
Armour
 c - a +0 buckler
 i - a scarf of repulsion (worn)
 k - the +1 scale mail of the Turtledove {Rampage rN+ Str+3 Dex-5}
   (You took it off a goblin on level 2 of the Dungeon)

   Str:       It affects your strength (+3).
   Dex:       It affects your dexterity (-5).
   rN:        It protects you from negative energy.
   Rampage:   It bestows one free step when moving towards enemies.
 o - an orb of light
 p - the +6 leather armour of Guizya (worn) {Rampage Fly rC+++ Dex-2}
   (You found it on level 5 of the Dungeon)

   Dex:       It affects your dexterity (-2).
   rC:        It renders you almost immune to cold.
   Fly:       It grants you flight.
   Rampage:   It bestows one free step when moving towards enemies.
 D - +0 acid dragon scales
 F - a +0 plate armour
 M - the +4 kite shield "Vunik" (worn) {Harm rPois}
   (You took it off a gnoll sergeant on level 5 of the Dungeon)

   rPois:     It protects you from poison.
   Harm:      It increases damage dealt and taken.
 N - a +0 kite shield
 S - a +0 pair of gloves (worn)
Jewellery
 n - a ring of protection from cold
 q - a ring of protection from fire (left hand)
 r - a ring of positive energy (right hand)
 z - an amulet of reflection (around neck)
 G - an amulet of faith
 O - a ring of fire
Wands
 s - a wand of paralysis (10) (quivered)
 t - a wand of polymorph (22)
 C - a wand of flame (28)
 K - a wand of quicksilver (7)
Scrolls
 g - 9 scrolls of enchant weapon
 l - 5 scrolls of fear
 u - a scroll of silence {unknown}
 w - 3 scrolls of immolation
 y - a scroll of noise {unknown}
 R - a scroll of magic mapping {unknown}
Potions
 f - 2 potions of flight
 h - 6 potions of attraction
 j - 8 potions of curing
 v - a potion of brilliance
 A - a potion of lignification
 H - a potion of berserk rage {unknown}
 P - a potion of might
 Q - a potion of ambrosia {unknown}


   Skills:
 + Level 4.1 Fighting
 - Level 15.8(16.0) Axes
 - Level 4.6(11.3) Polearms
 + Level 4.1 Armour
 + Level 5.0 Shields
 - Level 10.1 Invocations
 - Level 4.1 Evocations


You had 11 spell levels left.
You didn't know any spells.
Your spell library contained the following spells:

 Spells                   Type           Power      Damage    Failure   Level
 Gell's Gravitas          Tloc           0%         N/A       97%         3
 Stone Arrow              Conj/Erth      0%         3d7       97%         3
 Teleport Other           Tloc           0%         N/A       97%         3
 Animate Armour           Summ/Erth      0%         N/A       100%        4
 Manifold Assault         Tloc           0%         N/A       100%        4
 Dispersal                Tloc           0%         N/A       100%        6
 Disjunction              Tloc           0%         N/A       100%        8
 Lehudib's Crystal Spear  Conj/Erth      0%         10d2      100%        8


Dungeon Overview and Level Annotations

Branches:
Dungeon (11/15)            Temple (1/1) D:6            Lair (0/5) D:10
    Orc (1/2) D:10        Ossuary (visited)

Altars:
Cheibriados
Dithmenos
Fedhas
Kikubaaqudgha
Nemelex Xobeh
Okawaru
Ru
Uskayaw
Vehumet
Xom
Yredelemnul
Zin

Shops:
D:8 =

Annotations:
D:3 Sigmund
D:4 Grinder


Innate Abilities, Weirdness & Mutations

You cannot be hasted, slowed, berserked, paralysed or teleported.
You can dig through walls and to a lower floor.
You have a pair of large antennae on your head. (SInv)
Your four strong arms can wield two-handed weapons with a shield.


Message History

Aim: an orc knight, wielding a +0 halberd and wearing a +0 plate armour (dazed, about 28% to evade the +7 spear of the Mushroom)
You reach to attack!
You hit the orc knight but do no damage.
The orc knight is poisoned.
The orc knight barely misses you.
Reach: b) +7 spear of the Mushroom {venom, rC++}
Press: ? - help, Dir - move target, f/p - orc knight
Aim: an orc knight, wielding a +0 halberd and wearing a +0 plate armour (dazed, very poisoned, about 28% to evade the +7 spear of the Mushroom)
You reach to attack!
You puncture the orc knight!
The orc knight looks as sick as possible!
The orc knight is lightly wounded. "...aloft a silver sceptre!
The agents of filth..."
Reach: b) +7 spear of the Mushroom {venom, rC++}
Press: ? - help, Dir - move target, f/p - orc knight
Aim: an orc knight, wielding a +0 halberd and wearing a +0 plate armour (lightly wounded, dazed, extremely poisoned, about 28% to evade the +7 spear of the Mushroom)
You reach to attack!
You hit the orc knight.
The orc knight is moderately wounded. "...were struck down, and thus the way of things was maintained."
You finish reciting Ablutions 24:65.
The orc knight hits you from afar with a +0 halberd.
Reach: b) +7 spear of the Mushroom {venom, rC++}
Press: ? - help, Dir - move target, f/p - orc knight
Aim: an orc knight, wielding a +0 halberd and wearing a +0 plate armour (moderately wounded, dazed, extremely poisoned, about 28% to evade the +7 spear of the Mushroom)
You reach to attack!
You closely miss the orc knight.
The orc knight is moderately wounded.
You block the orc knight's attack.
Reach: b) +7 spear of the Mushroom {venom, rC++}
Press: ? - help, Dir - move target, f/p - orc knight
Aim: an orc knight, wielding a +0 halberd and wearing a +0 plate armour (moderately wounded, dazed, extremely poisoned, about 28% to evade the +7 spear of the Mushroom)
You reach to attack!
You closely miss the orc knight.
The orc knight is moderately wounded.
Reach: b) +7 spear of the Mushroom {venom, rC++}
Press: ? - help, Dir - move target, f/p - orc knight
Aim: an orc knight, wielding a +0 halberd and wearing a +0 plate armour (moderately wounded, dazed, extremely poisoned, about 28% to evade the +7 spear of the Mushroom)
You reach to attack!
You hit the orc knight.
The orc knight looks as sick as possible!
The orc knight is moderately wounded.
The orc knight hits you from afar with a +0 halberd!!
* * * LOW HITPOINT WARNING * * *
The orc knight hits you from afar with a +0 halberd!!
You die...

.......#
.......##
.....#.#
#......
##.....
#.....
#...[##
#.o.@.#
.......[.#
.......###
.......
#..#... ##
##.. ##.
##


You could see an orc knight (dazed, extremely poisoned).

Vanquished Creatures
  Gastronok (D:8)
  2 two-headed ogres
  A boulder beetle (D:10)
  The ghost of Kave the Grappler, a novice TrTm of Sif Muna (D:8)
  The ghost of dontdoit the Magician, a novice DrRe (D:6)
  An ugly thing (D:10)
  A deep elf pyromancer (D:11)
  2 manticores
  An orc sorcerer (D:10)
  The ghost of Caterwaul the Ducker, a novice HuMo of the Shining One (D:5)
  Maggie (D:8)
  An efreet (D:10)
  A freezing wraith (D:10)
  A troll (D:10)
  A hornet (D:6)
  2 wraiths (D:10)
  3 shadows (D:10)
  2 slime creatures (D:10)
  2 vampires
  6 yaks
  2 steam dragons
  2 two-headed ogre zombies (D:10)
  3 wargs
  An acid dragon (D:9)
  A water moccasin (D:6)
  A black bear (D:6)
  2 orc warriors
  4 ogres
  5 centaurs
  2 phantoms
  9 kobold brigands (D:6)
  3 scorpions (D:5)
  3 gnoll sergeants (D:5)
  A necrophage (D:5)
  5 bullfrogs
  3 water moccasin zombies (Ossuary)
  8 wights
  4 killer bees (D:9)
  A howler monkey (D:8)
  A vampire bat (D:7)
  5 orc priests
  3 hounds
  A gnoll bouda (D:5)
  Jessica (D:3)
  Ijyb (D:3)
  4 iguanas
  9 orc wizards
  5 ogre zombies (D:10)
  2 mummies (Ossuary)
  Robin (D:4)
  14 gnolls
  7 adders
  2 shadow imps
  2 ufetubi
  3 adder zombies (Ossuary)
  2 worms
  4 dart slugs
  39 orcs
  7 ball pythons
  4 endoplasms
  4 giant cockroaches
  3 gnoll zombies (Ossuary)
  17 goblins
  11 hobgoblins
  4 jackals (D:4)
  5 kobolds
  3 quokkas
  9 bats
  2 frilled lizards
  A goblin skeleton (D:10)
  3 goblin zombies (D:10)
  2 hobgoblin skeletons (D:10)
  7 hobgoblin zombies
  6 kobold zombies (Ossuary)
  An orc skeleton (D:10)
  21 orc zombies
  8 rats
316 creatures vanquished.

Vanquished Creatures (others)
  An ogre zombie (D:10)
  An orc skeleton (D:10)
  6 plants (D:5)
8 creatures vanquished.

Grand Total: 324 creatures vanquished

Notes
Turn   | Place    | Note
-------+----------+-------------------------------------------
     0 | D:1      | bebis the Formicid Fighter began the quest for the Orb.
     0 | D:1      | Reached XP level 1. HP: 18/18 MP: 1/1
   135 | D:1      | Reached XP level 2. HP: 19/24 MP: 2/2
   540 | D:1      | Reached skill level 3 in Axes
   547 | D:1      | Reached XP level 3. HP: 21/29 MP: 3/3
   740 | D:2      | Identified the +1 scale mail of the Turtledove {Rampage rN+
                  | Str+3 Dex-5}
   767 | D:2      | Reached skill level 4 in Axes
   767 | D:2      | Reached XP level 4. HP: 31/35 MP: 4/4
  1464 | D:3      | Found a glowing silver altar of Zin.
  1469 | D:3      | Became a worshipper of Zin the Law-Giver
  1469 | D:3      | Reached * piety under Zin
  1591 | D:3      | Found a blossoming altar of Fedhas.
  1607 | D:3      | Reached XP level 5. HP: 40/40 MP: 5/5
  1608 | D:3      | Noticed Jessica
  1610 | D:3      | Killed Jessica
  1611 | D:3      | Reached skill level 5 in Axes
  1700 | D:3      | Noticed Sigmund
  1766 | D:4      | Reached skill level 1 in Invocations
  1857 | D:4      | Noticed Ijyb
  1886 | D:4      | Noticed Robin
  1898 | D:3      | Killed Ijyb
  2003 | D:3      | Reached XP level 6. HP: 32/37 MP: 7/7
  2134 | D:4      | Killed Robin
  2630 | D:5      | Entered Level 5 of the Dungeon
  2637 | D:4      | Reached skill level 6 in Axes
  2700 | D:4      | Noticed an ogre
  2703 | D:4      | Noticed Grinder
  2782 | D:5      | Reached XP level 7. HP: 51/52 MP: 9/9
  2814 | D:5      | Identified the +4 trident of the Fool {vamp, rElec rC-
                  | Dex+10 Stlth-}
  2814 | D:5      | Identified the +4 kite shield "Vunik" {Harm rPois}
  2818 | D:5      | Noticed Caterwaul's ghost (novice HuMo)
  2907 | D:5      | Reached skill level 7 in Axes
  3064 | D:5      | Reached skill level 8 in Axes
  3064 | D:5      | Reached XP level 8. HP: 57/58 MP: 10/10
  3088 | D:5      | Found an ancient bone altar of Kikubaaqudgha.
  3154 | D:5      | Found an iron altar of Okawaru.
  3206 | D:5      | Reached ** piety under Zin
  3352 | D:5      | Identified the +6 leather armour of Guizya {Rampage Fly
                  | rC+++ Dex-2}
  3367 | D:5      | Found a transporter.
  3459 | D:5      | Found a transporter.
  3737 | D:6      | Reached skill level 9 in Axes
  4199 | D:6      | Found a staircase to the Ecumenical Temple.
  4250 | D:6      | Found a runed translucent gate.
  4251 | D:6      | Found a runed translucent gate.
  4251 | D:6      | Noticed dontdoit's ghost (novice DrRe)
  4252 | D:6      | Found a runed translucent gate.
  4331 | D:6      | Noticed a hornet
  4348 | D:6      | Killed a hornet
  4349 | D:6      | Reached skill level 10 in Axes
  4349 | D:6      | Reached XP level 9. HP: 34/64 MP: 9/11
  4756 | D:7      | Reached skill level 11 in Axes
  4869 | D:7      | Reached *** piety under Zin
  4906 | D:7      | Found a sparkling altar of Nemelex Xobeh.
  4937 | D:7      | Found a sand-covered staircase.
  4947 | Ossuary  | Entered an ossuary
  5009 | Ossuary  | Reached skill level 1 in Evocations
  5121 | Ossuary  | Reached **** piety under Zin
  6349 | D:5      | Killed Caterwaul's ghost
  6350 | D:5      | Reached skill level 5 in Invocations
  6508 | D:5      | HP: 1/64 [gnoll sergeant/the +4 trident of the Fool {vamp,
                  | rElec rC- Dex+10 Stlth-} (23)]
  6765 | D:8      | Noticed Gastronok
  6767 | D:8      | Reached XP level 10. HP: 70/70 MP: 14/14
  6808 | D:7      | Reached skill level 12 in Axes
  6981 | D:8      | Found Ekas's Jewellery Boutique.
  7007 | D:8      | Upgraded the game from 0.30-a0-585-g9311517 to
                  | 0.30-a0-591-g3c58d2b
  7023 | D:8      | Noticed a two-headed ogre
  7341 | D:8      | Found a runed translucent door.
  7341 | D:8      | Noticed Kave's ghost (novice TrTm)
  7610 | D:8      | Noticed Maggie
  7656 | D:8      | Killed Maggie
  7657 | D:8      | Reached skill level 13 in Axes
  7761 | D:8      | Killed a two-headed ogre
  7908 | D:9      | Noticed a two-headed ogre
  7916 | D:9      | Killed a two-headed ogre
  7917 | D:9      | Reached skill level 14 in Axes
  7917 | D:9      | Reached XP level 11. HP: 75/75 MP: 15/15
  8279 | D:10     | Entered Level 10 of the Dungeon
  8454 | D:9      | Identified the +7 spear of the Mushroom {venom, rC++}
  8546 | D:9      | Found a shimmering altar of Xom.
  8619 | D:9      | Identified the +0 robe of Broken Taboos {Fly Int+3}
  8752 | D:9      | Reached skill level 1 in Polearms
  8838 | D:9      | Found a radiant altar of Vehumet.
  8864 | D:9      | Found a basalt altar of Yredelemnul.
  9522 | D:10     | Noticed a deep elf pyromancer
  9662 | D:10     | Noticed a manticore
  9663 | D:10     | Noticed a boulder beetle
  9781 | D:6      | Killed dontdoit's ghost
  9860 | Temple   | Entered the Ecumenical Temple
 10434 | D:5      | Reached ***** piety under Zin
 10610 | D:8      | Killed Gastronok
 10611 | D:8      | Reached skill level 15 in Axes
 10650 | D:8      | Killed Kave's ghost
 11034 | D:11     | Noticed a manticore
 11039 | D:11     | Killed a manticore
 11186 | D:10     | Found a staircase to the Orcish Mines.
 11226 | D:10     | Reached XP level 12. HP: 72/81 MP: 17/17
 11337 | D:10     | Killed a boulder beetle
 11672 | D:11     | Reached skill level 10 in Invocations
 11782 | D:10     | Found a staircase to the Lair.
 12258 | D:10     | Found a hide-covered altar of Uskayaw.
 12264 | D:10     | Found a sacrificial altar of Ru.
 12267 | D:10     | Found a shadowy altar of Dithmenos.
 12330 | Orc:1    | Entered Level 1 of the Orcish Mines
 12544 | D:10     | Reached skill level 5 in Shields
 12895 | Orc:1    | Mangled by an orc knight

Illustrated notes

Levels and vault maps discovered:
D:1:      matt_arrival_spirals, layout_basic
D:2:      layout_basic, guppyfry_early_orc_mine
D:3:      layout_basic, zin_treasury, fedhas_altar_1, uniq_sigmund, uniq_jessica
D:4:      layout_rooms, chequers_serial_rivers_large_b, minmay_quadrilaterals,
          uniq_ijyb, uniq_grinder, uniq_robin
D:5:      layout_loops_ring, mainiacjoe_overflow_tiny_flanked,
          mainiacjoe_overflow_brackets, gammafunk_ghost_gnarly_gnolls
D:6:      layout_basic, minmay_temple_entry_wispy, gammafunk_ghost_nasty_kobolds
D:7:      layout_gridville, lemuel_crystal_altar, enter_ossuary_3,
          roderic_batcave
D:8:      layout_rooms, hellmonk_ghost_happy_afterlife, serial_shops,
          nicolae_shop_hallway_stairs, hangedman_abyss_or_decor_lesser_grid,
          uniq_gastronok, uniq_maggie
D:9:      layout_loops_ring, mainiacjoe_overflow_two_lobes,
          mainiacjoe_overflow_alcove_2
D:10:     minmay_diamond_stairs, layout_irregular_city,
          minmay_overflow_temple_star_quad, lair_entry_dummy, zombieorc2_lemuel,
          nzn_life_drinkers
D:11:     layout_loops_cross, nicolae_wu_jian_immortal_techniques, uniq_snorg
Temple:   chequers_temple_sunken
Orc:1:    layout_diamond_mine, ebering_ghost_inner_flame

Skill      XL: |  1  2  3  4  5  6  7  8  9 10 11 12 |
---------------+-------------------------------------+-----
Axes           | 3 4 5 6 8 10 11 14 15 | 15.8
Invocations    | 1 3 6 7 10 | 10.1
Evocations     | 4 |  4.1
Polearms       | 4 |  4.6
Fighting       | 4 |  4.1
Armour         | 4 |  4.1
Shields        | 5 |  5.0

Action                   |  1- 3 |  4- 6 |  7- 9 | 10-12 || total
-------------------------+-------+-------+-------+-------++-------
Melee: War axe           |    77 |   165 |   324 |   308 ||   874
       Trident           |       |       |       |   185 ||   185
       Spear             |       |       |       |   110 ||   110
Invok: Recite            |       |     5 |    25 |    21 ||    51
       Vitalisation      |       |       |     3 |     6 ||     9
       Sanctuary         |       |       |       |     1 ||     1
 Abil: Dig               |       |     3 |     1 |     4 ||     8
Evoke: Wand              |       |       |       |     5 ||     5
  Use: Scroll            |       |     5 |     7 |     1 ||    13
       Potion            |       |     3 |     5 |       ||     8
 Stab: Confused          |       |       |     1 |     7 ||     8
       Paralysed         |       |       |       |    15 ||    15
       Invisible         |       |       |       |     2 ||     2
       Distracted        |       |       |       |     1 ||     1
Armor: Scale mail        |    26 |    62 |    15 |       ||   103
       Leather armour    |       |       |    88 |    94 ||   182
Dodge: Dodged            |    20 |    69 |   134 |   102 ||   325
       Repelled          |       |       |     1 |     7 ||     8
Block: Buckler           |    19 |    25 |    69 |    82 ||   195
       Reflection        |       |       |       |     8 ||     8
       Kite shield       |       |       |       |   119 ||   119

Table legend: (Time is in decaauts)
 A = Elapsed time spent in this place.
 B = Non-inter-level travel time spent in this place.
 C = Inter-level travel time spent in this place.
 D = Time resting spent in this place.
 E = Time spent auto-exploring this place.
 F = Levels seen in this place.
 G = Mean time per level.
                   A        B        C        D        E       F      G
               +--------+--------+--------+--------+--------+-----+--------+
         Total |  12948 |  11903 |   1045 |   2586 |   5229 |  14 |  924.9 |
       Dungeon |  12497 |  11452 |   1045 |   2382 |   5229 |  11 | 1136.1 |
        Temple |    137 |    137 |      0 |    136 |      0 |   1 |  137.0 |
  Orcish Mines |     51 |     51 |      0 |      0 |      0 |   1 |   51.0 |
       Ossuary |    262 |    262 |      0 |     68 |      0 |   1 |  262.0 |
               +--------+--------+--------+--------+--------+-----+--------+

Top non-repeatable levels by time:
     D:5: 1842 daAuts
    D:10: 1779 daAuts
     D:9: 1455 daAuts
     D:8: 1361 daAuts
     D:6: 1302 daAuts
     D:3: 1135 daAuts
     D:7: 1105 daAuts
     D:4: 1094 daAuts
     D:1: 743 daAuts
     D:2: 483 daAuts
 Ossuary: 262 daAuts
    D:11: 193 daAuts
  Temple: 137 daAuts
   Orc:1: 51 daAuts
